AoeStats
← _vishi_

Black Forest

509830838Analyzed
4v4 RM · 3d ago on Sep 28, 2026· 56m 1s· 8 players
Game mode
Random Map
Map size
Large (8 player)
Population
200
Speed
Normal
Resources
Standard
Victory
Conquest
Starting age
Dark Age
Ending age
Imperial Age
RankedLock teamsTeams togetherTeam positionsShared explorationLock speedFull tech treeHidden civsTurbo modeCheats
Victory
Defeat
🇺🇸 Saxons · United States
1540
+13
🇹🇷 Portuguese · Türkiye
1413
+18
🇦🇺 Mongols · Australia
1340
+21
🇨🇳 Hindustanis · China
1316
+23
🇭🇰 Danes · Hong Kong SAR China
1509
-20
🇭🇰 Khmer · Hong Kong SAR China
1487
-20
🇨🇳 Ethiopians · China
1457
-19
🇮🇳 Bohemians · India
1395
-16
onon02122
0:39 Loom
12:06 Feudal Age
13:52 Double-Bit Axe
17:33 Castle Age
15:40 Horse Collar
18:40 Bow Saw
20:13 Gold Mining
28:38 Imperial Age
26:26 Stone Mining
29:14 Stone Shaft Mining
30:25 Wheelbarrow
30:45 Onager
33:23 Siege Engineers
35:39 Conscription
35:00 Pikeman
35:41 Squires
35:46 Halberdier
36:06 Northmen's Fury
36:55 Scale Mail Armor
37:05 Forging
38:30 Chain Mail Armor
39:00 Man-at-Arms
39:31 Man-at-Arms
40:03 Hamask
41:22 Iron Casting
41:17 Plate Mail Armor
42:15 Siege Onager
44:27 Plate Mail Armor
45:44 Blast Furnace
46:14 Chemistry
45:34 Ballistics
45:25 Masonry
45:39 Caravan
46:14 Arson
47:24 Careening
47:56 Redemption
48:27 Hand Cart
47:58 Town Watch
49:43 Hoardings
_vishi_
10:56 Feudal Age
15:01 Castle Age
13:20 Double-Bit Axe
13:56 Horse Collar
15:48 Wheelbarrow
15:59 Bow Saw
22:28 Loom
28:56 Imperial Age
27:28 Hand Cart
27:26 Forging
27:30 Heavy Plow
27:22 Pikeman
28:02 Squires
27:48 Arson
28:28 Scale Mail Armor
29:04 Iron Casting
29:38 Chain Mail Armor
29:05 Halberdier
29:37 Fletching
29:48 Padded Archer Armor
31:05 Chemistry
32:04 Two-Man Saw
32:11 Plate Mail Armor
32:41 Blast Furnace
33:31 Leather Archer Armor
33:25 Houfnice
34:30 Bodkin Arrow
35:18 Wagenburg Tactics
35:34 Conscription
34:38 Elite Skirmisher
36:30 Siege Engineers
36:37 Masonry
37:19 Fortified Wall
38:42 Ballistics
38:24 Bracer
38:55 Ring Archer Armor
40:37 Architecture
43:58 Caravan
44:09 Guilds
825889483
1:23 Loom
10:37 Feudal Age
23:19 Castle Age
25:32 Fletching
39:04 Wheelbarrow
41:00 Imperial Age
38:47 Double-Bit Axe
40:14 Elite Skirmisher
41:56 Bodkin Arrow
42:14 Thumb Ring
42:52 Bracer
42:53 Padded Archer Armor
43:39 Horse Collar
44:48 Leather Archer Armor
44:24 Crossbowman
47:48 Husbandry
49:02 Chemistry
53:51 Wheelbarrow
56:12 Hand Cart
虫
0:53 Loom
13:17 Feudal Age
17:05 Castle Age
15:12 Double-Bit Axe
15:11 Horse Collar
18:09 Bow Saw
18:11 Heavy Plow
24:24 Wheelbarrow
26:03 Hand Cart
26:15 Gold Mining
26:16 Stone Mining
28:31 Gold Shaft Mining
30:47 Imperial Age
29:18 Town Watch
29:41 Scale Barding Armor
29:47 Forging
30:42 Chain Barding Armor
30:25 Husbandry
30:35 Bloodlines
30:28 Town Patrol
30:43 Fortified Wall
32:09 Plate Barding Armor
32:09 Iron Casting
33:59 Blast Furnace
33:42 Crop Rotation
33:09 Elite Battle Elephant
34:19 Conscription
34:00 Tusk Swords
35:57 Capped Ram
39:52 Coinage
39:25 Caravan
41:04 Elite Ballista Elephant
41:45 Double Crossbow
43:05 Banking
42:51 Murder Holes
45:33 Stone Shaft Mining
46:22 Chemistry
46:08 Siege Engineers
47:45 Ballistics
48:01 Siege Ram
48:47 Padded Archer Armor
48:38 Fletching
49:16 Bodkin Arrow
717504720
6:54 Loom
9:57 Feudal Age
10:02 Feudal Age
14:19 Castle Age
12:08 Double-Bit Axe
13:09 Horse Collar
15:23 Bow Saw
17:56 Wheelbarrow
19:33 Hand Cart
22:36 Heavy Plow
22:28 Stone Mining
22:58 Gold Mining
28:58 Imperial Age
27:12 Gold Shaft Mining
26:53 Scale Barding Armor
28:20 Forging
28:30 Chain Barding Armor
28:45 Bloodlines
28:35 Husbandry
29:06 Heavy Camel Rider
30:22 Plate Barding Armor
30:22 Iron Casting
31:17 Chemistry
30:37 Ballistics
31:29 Two-Man Saw
31:06 Stone Shaft Mining
31:17 Town Watch
31:13 Imperial Camel Rider
33:55 Blast Furnace
32:45 Fletching
33:02 Siege Engineers
33:16 Caravan
33:52 Grand Trunk Road
34:13 Conscription
35:16 Coinage
35:07 Bodkin Arrow
35:09 Murder Holes
35:24 Masonry
36:10 Bracer
40:06 Padded Archer Armor
41:14 Herbal Medicine
43:20 Banking
44:15 Leather Archer Armor
45:15 Ring Archer Armor
46:46 Shatagni
47:22 Hoardings
MrWrong
6:58 Loom
9:23 Feudal Age
9:28 Man-at-Arms
20:37 Castle Age
18:42 Double-Bit Axe
18:46 Horse Collar
20:21 Fletching
20:40 Crossbowman
21:36 Bow Saw
22:14 Bodkin Arrow
25:38 Wheelbarrow
32:03 Padded Archer Armor
34:01 Gold Mining
36:56 Imperial Age
35:12 Leather Archer Armor
36:02 Thumb Ring
36:10 Bloodlines
36:01 Husbandry
36:54 Hand Cart
38:00 Bracer
39:07 Ring Archer Armor
40:17 Conscription
40:18 Scale Mail Armor
41:20 Gold Shaft Mining
40:41 Stone Mining
41:00 Squires
41:35 Chain Mail Armor
41:36 Gambesons
41:33 Elite Varangian Guard
42:44 Plate Mail Armor
42:53 Forging
42:34 Shield Wall
44:40 Iron Casting
44:01 Pikeman
45:07 Halberdier
49:00 Caravan
49:43 Heavy Plow
51:25 Arson
52:31 Elite Hearth Troop
54:41 Guard Tower
56:23 Keep
55:34 Arrowslits
Tawny
0:30 Loom
14:43 Feudal Age
19:19 Castle Age
17:07 Double-Bit Axe
17:04 Horse Collar
18:44 Wheelbarrow
20:20 Bow Saw
21:50 Hand Cart
26:32 Stone Mining
27:34 Gold Mining
27:57 Heavy Plow
28:21 Fletching
29:36 Stone Shaft Mining
29:49 Gold Shaft Mining
29:23 Town Watch
29:47 Bodkin Arrow
29:52 Padded Archer Armor
30:21 Padded Archer Armor
31:42 Ballistics
31:34 Fortified Wall
31:29 Town Patrol
32:03 Bloodlines
31:53 Husbandry
32:22 Leather Archer Armor
32:17 Thumb Ring
35:36 Imperial Age
33:44 Forging
32:57 Light Cavalry
34:54 Iron Casting
35:40 Elite Mangudai
36:52 Parthian Tactics
36:30 Bracer
36:53 Conscription
37:36 Chemistry
36:47 Masonry
37:52 Blast Furnace
36:58 Scale Barding Armor
37:24 Hussar
39:29 Chain Barding Armor
41:05 Coinage
40:46 Caravan
43:24 Nomads
44:01 Hoardings
44:08 Drill
43:47 Murder Holes
44:04 Capped Ram
44:50 Onager
46:27 Siege Onager
48:48 Siege Engineers
49:21 Coinage
49:24 Siege Ram
51:49 Banking
Lothwen
0:26 Loom
12:04 Feudal Age
12:23 Man-at-Arms
13:14 Arson
16:50 Double-Bit Axe
20:40 Castle Age
19:34 Horse Collar
29:45 Wheelbarrow
30:24 Gold Mining
31:23 Bow Saw
34:50 Imperial Age
33:47 Heavy Plow
34:58 Stone Mining
36:47 Chemistry
36:14 Arquebus
36:45 Pikeman
37:11 Gambesons
37:44 Scale Mail Armor
40:02 Chain Mail Armor
39:57 Forging
39:09 Halberdier
41:18 Caravan
42:23 Plate Mail Armor
42:28 Iron Casting
45:38 Padded Archer Armor
46:26 Leather Archer Armor
53:34 Long Swordsman
55:28 Ring Archer Armor
55:58 Blast Furnace
54:50 Fletching
55:30 Hand Cart
56:17 Two-Man Saw
Connection lost

Rejoining the realm…

Still unreachable

The connection could not be restored.

Session expired

The server has moved on; the page needs a fresh start.